 Dungeon Crawl Stone Soup version 0.29-a0-529-gfa20dd96a1 (webtiles) character file.

Game seed: 10481670784084756702

28 zishaf the Skirmisher (level 3, -3/40 HPs)
             Began as an Ogre Chaos Knight on June 1, 2022.
             Was a Plaything of Xom.
             Slain by Natasha (6 damage)
             ... on level 2 of the Dungeon.
             The game lasted 00:01:51 (1651 turns).

zishaf the Skirmisher (Ogre Chaos Knight)           Turns: 1651, Time: 00:01:52

Health: -3/40      AC:  5    Str: 18    XL:     3   Next: 14%
Magic:  3/3        EV:  9    Int: 13    God:    Xom [..*...]
Gold:   28         SH:  0    Dex:  8    Spells: 2/2 levels left

rFire   . . .      SeeInvis .   a - +0 mace (chaos)
rCold   . . .      Faith    .   j - orb {mayhem}
rNeg    . . .      Spirit   .   b - +2 robe
rPois   .          Reflect  .   (helmet restricted)
rElec   .          Harm     .   (no cloak)
rCorr   .          Rampage  .   (gloves unavailable)
Will    .....                   (boots unavailable)
Stlth   +.........              (no amulet)
HPRegen 0.13/turn               (no ring)
MPRegen 0.08/turn               (no ring)

@: no status effects
A: large, unfitting armour, tough skin 1
a: Renounce Religion


You were on level 2 of the Dungeon.
You worshipped Xom.
You were a toy of Xom.
You visited 1 branch of the dungeon, and saw 2 of its levels.

You collected 28 gold pieces.

Inventory:

Hand Weapons
 a - a +0 mace of chaos (weapon)
Armour
 b - a +2 robe (worn)
 j - an orb of mayhem (worn)
Scrolls
 d - 2 scrolls of fear {unknown}
 e - 3 scrolls of noise {unknown}
 f - a scroll of amnesia {unknown}
 g - a scroll of silence {unknown}
 h - a scroll of teleportation {unknown}
 l - a scroll of identify {unknown}
Potions
 i - a potion of berserk rage {unknown}
 k - a potion of curing {unknown}
 m - a potion of degeneration {unknown}
Miscellaneous
 c - a piece from Xom's chessboard (15/15) (quivered)


   Skills:
 + Level 4.5 Fighting
 * Level 3.5 Maces & Flails
 - Level 2.1 Dodging


You had 2 spell levels left.
You didn't know any spells.
Your spell library was empty.

Dungeon Overview and Level Annotations

Branches:
Dungeon (2/15)

Altars:

Annotations:
D:2 Natasha


Innate Abilities, Weirdness & Mutations

You are too large for most types of armour.
You have tough skin. (AC +1)


Message History

The crimson imp barely misses you. Natasha barely misses you.
You hit the kobold.
You kill the kobold!
Natasha flies into a frenzy!
Xom is highly amused!
Natasha barely misses the crimson imp.
The crimson imp hits you but does no damage.
Natasha closely misses you.
The crimson imp blinks!
Natasha claws you! Natasha attacks as you move away!
Natasha closely misses you.
Natasha claws the crimson imp!
Natasha barely misses the crimson imp.
The crimson imp laughs crazily.
The crimson imp closely misses Natasha.
Xom's power touches on a nearby monster.
Natasha claws the crimson imp!
The crimson imp dies!
The crimson imp disappears in a puff of smoke!
Natasha hisses angrily.
Natasha hisses angrily.
Natasha claws you.
You barely miss Natasha.
Natasha is lightly wounded.
Natasha barely misses you. x2
You hit Natasha.
Natasha's magic leaks into the air.
Natasha is moderately wounded.
Natasha claws you.
* * * LOW HITPOINT WARNING * * *
Natasha claws you but does no damage.
You hit Natasha. You freeze Natasha.
Natasha is moderately wounded.
Natasha's magic is no longer disrupted.
Natasha claws you.
* * * LOW HITPOINT WARNING * * *
You completely miss Natasha.
Natasha is moderately wounded.
Natasha closely misses you. Natasha claws you.
* * * LOW HITPOINT WARNING * * *
You completely miss Natasha.
Natasha is moderately wounded.
Natasha claws you.
You die...

#.# # #.# # #.# .. #.# >..
###.## .... #.... .... #.
#.#.# #... . #.
#.#.######### #.. .. ##.#
#..h@........ ... ..
###...###.#.#.####### #.#
... .......#..#.).......#
#.##...
#..$.##.###.#####.###.#.#..
#...)#..#..#####..........
#.................).......
##...#.#...#####.###.####.
##.##.#...# #.# #.# #. #.
........ #.###.####.


You could see the neutral Natasha (fast, strong, insane).

Vanquished Creatures
  2 dart slugs (D:1)
  2 bats
  A giant cockroach (D:1)
  2 goblins (D:1)
  A hobgoblin (D:1)
  4 kobolds
  2 quokkas (D:1)
  A ball python (D:1)
  4 frilled lizards
  6 rats
25 creatures vanquished.

Notes
Turn   | Place    | Note
-------+----------+-------------------------------------------
     0 | D:1      | zishaf the Ogre Chaos Knight began the quest for the Orb.
     0 | D:1      | Reached XP level 1. HP: 24/24 MP: 1/1
   244 | D:1      | Reached XP level 2. HP: 29/32 MP: 2/2
   296 | D:1      | XOM: noise
   986 | D:1      | XOM: silly message
  1104 | D:1      | XOM: divination: magic mapping
  1287 | D:1      | Reached XP level 3. HP: 39/40 MP: 3/3
  1632 | D:2      | Noticed Natasha
  1643 | D:2      | XOM: enchant monster (bad)
  1651 | D:2      | Slain by Natasha

Illustrated notes

Levels and vault maps discovered:
D:1:      ncdulo_halloftheorcs, layout_basic, dreamdust_princess_corridor
D:2:      layout_loops_ring, basic_ecumenical_altar, uniq_jessica, uniq_natasha

Skill      XL: |  1 |
---------------+----+-----
Maces & Flails | 3 |  3.5
Fighting       | |  4.5
Dodging        | |  2.1

Action                   || total
-------------------------++-------
Melee: Mace              ||    96
Armor: Robe              ||    41
Dodge: Dodged            ||    43

Table legend: (Time is in decaauts)
 A = Elapsed time spent in this place.
 B = Non-inter-level travel time spent in this place.
 C = Inter-level travel time spent in this place.
 D = Time resting spent in this place.
 E = Time spent auto-exploring this place.
 F = Levels seen in this place.
 G = Mean time per level.
                   A        B        C        D        E       F      G
               +--------+--------+--------+--------+--------+-----+--------+
         Total |   1673 |   1624 |     49 |      0 |   1383 |   2 |  836.5 |
       Dungeon |   1673 |   1624 |     49 |      0 |   1383 |   2 |  836.5 |
               +--------+--------+--------+--------+--------+-----+--------+

Top non-repeatable levels by time:
     D:1: 1402 daAuts
     D:2: 270 daAuts
